ITL
AMARILLO ARCHDUKES @ DETROIT X-WINGS
04/20/2028
 
TOP OF THE 1ST
Amarillo Archdukes batting - Pitching for Detroit X-Wings : LHP Keith Jennings
Pitching: LHP Keith Jennings
Batting: LHB John Frost 0-0: Called Strike
0-1: Ball
1-1: Ground out 4-3 (Groundball, 4)
Batting: RHB Norm Francis 0-0: Ball
1-0: Foul Ball, location: 2F
1-1: Swinging Strike
1-2: Strikes out swinging
Batting: LHB Michael Cook 0-0: Called Strike
0-1: Fly out, F8 (Line Drive, 8LM)
Top of the 1st over - 0 run(s), 0 hit(s), 0 error(s), 0 left on base; Amarillo 0 - Detroit 0
BOTTOM OF THE 1ST
Detroit X-Wings batting - Pitching for Amarillo Archdukes : RHP Orlando Trinidad
Pitching: RHP Orlando Trinidad
Batting: RHB Júlio López 0-0: Ground out 5-3 (Groundball, 5S)
Batting: RHB Jaime Contreras 0-0: SOLO HOME RUN (Flyball, 7LD), Distance : 366 ft
Batting: LHB Juan Colón 0-0: Fly out, F8 (Flyball, 8LXD)
Batting: RHB Keith Sims 0-0: Swinging Strike
0-1: Called Strike
0-2: Fly out, F6 (Line Drive, 6)
Bottom of the 1st over - 1 run(s), 1 hit(s), 0 error(s), 0 left on base; Amarillo 0 - Detroit 1
TOP OF THE 2ND
Amarillo Archdukes batting - Pitching for Detroit X-Wings : LHP Keith Jennings
Batting: LHB Ron Crawford 0-0: Called Strike
0-1: Ball
1-1: Ball
2-1: Swinging Strike
2-2: Foul Ball, location: 2F
2-2: Foul Ball, location: 2F
2-2: Strikes out swinging
Batting: LHB Howard Lambert 0-0: Foul Ball, location: 2F
0-1: SINGLE (Groundball, 4D)
Batting: LHB Pedro Díaz 0-0: Ball
1-0: Ball
2-0: Fly out, F6 (Popup, 6D)
Batting: RHB Esteban Lara 0-0: Called Strike
0-1: Called Strike
0-2: Ball
1-2: Ball
2-2: Strikes out swinging
Top of the 2nd over - 0 run(s), 1 hit(s), 0 error(s), 1 left on base; Amarillo 0 - Detroit 1
BOTTOM OF THE 2ND
Detroit X-Wings batting - Pitching for Amarillo Archdukes : RHP Orlando Trinidad
Batting: SHB Javier Jiménez 0-0: Ball
1-0: Ball
2-0: Called Strike
2-1: Swinging Strike
2-2: Ball
3-2: Strikes out swinging
Batting: RHB Gary Witt 0-0: Called Strike
0-1: Ball
1-1: Swinging Strike
1-2: Strikes out swinging
Batting: RHB Enrique Aguilar 0-0: Ball
1-0: Ball
2-0: Fly out, F9 (Flyball, 9LSF)
Bottom of the 2nd over - 0 run(s), 0 hit(s), 0 error(s), 0 left on base; Amarillo 0 - Detroit 1
TOP OF THE 3RD
Amarillo Archdukes batting - Pitching for Detroit X-Wings : LHP Keith Jennings
Batting: RHB Herb Bunch 0-0: Fly out, F8 (Flyball, 8RM)
Batting: RHB Juan Barrera 0-0: SOLO HOME RUN (Flyball, 7D), Distance : 395 ft
Batting: LHB John Frost 0-0: Called Strike
0-1: Foul Ball, location: 2F
0-2: Ball
1-2: Foul Ball, location: 2F
1-2: Foul Ball, location: 2F
1-2: Fly out, F9 (Flyball, 89M)
Batting: RHB Norm Francis 0-0: Foul Ball, location: 2F
0-1: Ground out 6-3 (Groundball, 6)
Top of the 3rd over - 1 run(s), 1 hit(s), 0 error(s), 0 left on base; Amarillo 1 - Detroit 1
BOTTOM OF THE 3RD
Detroit X-Wings batting - Pitching for Amarillo Archdukes : RHP Orlando Trinidad
Batting: RHB Oliver Acevedo 0-0: Called Strike
0-1: Ball
1-1: Called Strike
1-2: Strikes out swinging
Batting: SHB Felipe Detorres 0-0: Ball
1-0: Called Strike
1-1: Ball
2-1: Swinging Strike
2-2: Strikes out swinging
Batting: RHB Júlio López 0-0: Ball
1-0: Called Strike
1-1: Swinging Strike
1-2: Strikes out swinging
Bottom of the 3rd over - 0 run(s), 0 hit(s), 0 error(s), 0 left on base; Amarillo 1 - Detroit 1
TOP OF THE 4TH
Amarillo Archdukes batting - Pitching for Detroit X-Wings : LHP Keith Jennings
Batting: LHB Michael Cook 0-0: Ball
1-0: Ground out 4-3 (Groundball, 4M)
Batting: LHB Ron Crawford 0-0: Called Strike
0-1: Ball
1-1: Called Strike
1-2: TRIPLE (Flyball, 89XD)
Batting: LHB Howard Lambert 0-0: Called Strike
0-1: SINGLE (Flyball, 8RS)
Ron Crawford scores
Batting: LHB Pedro Díaz 0-0: Ball
1-0: Ball
2-0: Called Strike
2-1: Ball
3-1: Called Strike
3-2: Foul Ball, location: 2F
3-2: Base on Balls
Howard Lambert to second
Batting: RHB Esteban Lara 0-0: Called Strike
0-1: Called Strike
0-2: Strikes out swinging
Batting: RHB Herb Bunch 0-0: Swinging Strike
0-1: Ball
1-1: Called Strike
1-2: Ball
2-2: Foul Ball, location: 2F
2-2: Strikes out looking
Top of the 4th over - 1 run(s), 2 hit(s), 0 error(s), 2 left on base; Amarillo 2 - Detroit 1
BOTTOM OF THE 4TH
Detroit X-Wings batting - Pitching for Amarillo Archdukes : RHP Orlando Trinidad
Batting: RHB Jaime Contreras 0-0: Ball
1-0: Foul Ball, location: 2F
1-1: Fly out, F8 (Line Drive, 8LD)
Batting: LHB Juan Colón 0-0: Ball
1-0: Foul Ball, location: 2F
1-1: DOUBLE (Line Drive, 78D)
Batting: RHB Keith Sims 0-0: Foul Ball, location: 2F
0-1: Called Strike
0-2: Ball
1-2: Ball
2-2: Strikes out swinging
Batting: SHB Javier Jiménez 0-0: Ball
1-0: Called Strike
1-1: Foul Ball, location: 2F
1-2: Strikes out swinging
Bottom of the 4th over - 0 run(s), 1 hit(s), 0 error(s), 1 left on base; Amarillo 2 - Detroit 1
TOP OF THE 5TH
Amarillo Archdukes batting - Pitching for Detroit X-Wings : LHP Keith Jennings
Batting: RHB Juan Barrera 0-0: Fly out, F8 (Line Drive, 8LS)
Batting: LHB John Frost 0-0: Swinging Strike
0-1: Foul Ball, location: 2F
0-2: Ground out 1-3 (Groundball, P)
Batting: RHB Norm Francis 0-0: Ball
1-0: Ball
2-0: SINGLE (Flyball, 7LS)
Batting: LHB Michael Cook 0-0: Foul Ball, location: 2F
0-1: Ball
1-1: Ball
2-1: Foul Ball, location: 2F
2-2: Foul Ball, location: 2F
2-2: Strikes out swinging
Top of the 5th over - 0 run(s), 1 hit(s), 0 error(s), 1 left on base; Amarillo 2 - Detroit 1
BOTTOM OF THE 5TH
Detroit X-Wings batting - Pitching for Amarillo Archdukes : RHP Orlando Trinidad
Batting: RHB Gary Witt 0-0: Ball
1-0: Swinging Strike
1-1: SINGLE (Line Drive, 4MD)
Batting: RHB Enrique Aguilar 0-0: Ground out 3-1 (Groundball, 34S)
Gary Witt to second
Batting: RHB Oliver Acevedo 0-0: Swinging Strike
0-1: Foul Ball, location: 2F
0-2: Ground out 6-3 (Groundball, 6)
Batting: SHB Felipe Detorres 0-0: Swinging Strike
0-1: Fly out, F8 (Flyball, 8LM)
Bottom of the 5th over - 0 run(s), 1 hit(s), 0 error(s), 1 left on base; Amarillo 2 - Detroit 1
TOP OF THE 6TH
Amarillo Archdukes batting - Pitching for Detroit X-Wings : LHP Keith Jennings
Batting: LHB Ron Crawford 0-0: Ball
1-0: Ball
2-0: Ball
3-0: Called Strike
3-1: Foul Ball, location: 2F
3-2: Strikes out looking
Batting: LHB Howard Lambert 0-0: Ball
1-0: Ball
2-0: SOLO HOME RUN (Flyball, 9LD), Distance : 358 ft
Batting: LHB Pedro Díaz 0-0: Swinging Strike
0-1: Foul Ball, location: 2F
0-2: Ground out 4-3 (Groundball, 4MS)
Batting: RHB Esteban Lara 0-0: Ball
1-0: Called Strike
1-1: Ball
2-1: Ball
3-1: Base on Balls
Batting: RHB Herb Bunch 0-0: Called Strike
0-1: Ball
1-1: Fly out, F4 (Line Drive, 4)
Top of the 6th over - 1 run(s), 1 hit(s), 0 error(s), 1 left on base; Amarillo 3 - Detroit 1
BOTTOM OF THE 6TH
Detroit X-Wings batting - Pitching for Amarillo Archdukes : RHP Orlando Trinidad
Batting: RHB Júlio López 0-0: Ball
1-0: Called Strike
1-1: Foul Ball, location: 2F
1-2: SINGLE (Groundball, 6MD)
Batting: RHB Jaime Contreras 0-0: Called Strike
0-1: Ball
1-1: Foul Ball, location: 2F
1-2: Ball
2-2: Foul Ball, location: 2F
2-2: Strikes out swinging
Júlio López steals 2nd base
Batter strikes out.
Batting: LHB Juan Colón 0-0: Called Strike
0-1: Ball
1-1: Ground out 6-3 (Groundball, 56)
Batting: RHB Keith Sims 0-0: Fly out, F8 (Flyball, 78M)
Bottom of the 6th over - 0 run(s), 1 hit(s), 0 error(s), 1 left on base; Amarillo 3 - Detroit 1
TOP OF THE 7TH
Amarillo Archdukes batting - Pitching for Detroit X-Wings : LHP Keith Jennings
Pitching: LHP Richard Dorris
Batting: RHB Juan Barrera 0-0: Ball
1-0: Called Strike
1-1: Foul Ball, location: 2F
1-2: Ground out 6-3 (Groundball, 6)
Batting: LHB John Frost 0-0: Called Strike
0-1: Ball
1-1: Foul Ball, location: 2F
1-2: SINGLE (Groundball, 56) (infield hit)
Batting: RHB Norm Francis 0-0: Ball
1-0: Ball
2-0: Foul Ball, location: 2F
2-1: Swinging Strike
2-2: Fly out, F8 (Flyball, 8LM)
Batting: LHB Michael Cook 0-0: Ball
1-0: Ball
2-0: Called Strike
2-1: Ball
3-1: Swinging Strike
3-2: Foul Ball, location: 2F
3-2: Strikes out looking
Top of the 7th over - 0 run(s), 1 hit(s), 0 error(s), 1 left on base; Amarillo 3 - Detroit 1
BOTTOM OF THE 7TH
Detroit X-Wings batting - Pitching for Amarillo Archdukes : RHP Orlando Trinidad
Batting: SHB Javier Jiménez 0-0: Fly out, F7 (Flyball, 7S)
Batting: RHB Gary Witt 0-0: Ball
1-0: Foul Ball, location: 2F
1-1: Ball
2-1: Ball
3-1: Base on Balls
Batting: RHB Enrique Aguilar 0-0: Called Strike
0-1: Ball
1-1: Ground out 5-3 (Groundball, 5S)
Gary Witt to second
Batting: RHB Oliver Acevedo 0-0: Called Strike
0-1: Foul Ball, location: 2F
0-2: Ground out 6-3 (Groundball, 6)
Bottom of the 7th over - 0 run(s), 0 hit(s), 0 error(s), 1 left on base; Amarillo 3 - Detroit 1
TOP OF THE 8TH
Amarillo Archdukes batting - Pitching for Detroit X-Wings : LHP Richard Dorris
Batting: LHB Ron Crawford 0-0: Foul Ball, location: 2F
0-1: Ball
1-1: Ball
2-1: Ball
3-1: Ground out 5-3 (Groundball, 56)
Batting: LHB Howard Lambert 0-0: Foul Ball, location: 2F
0-1: Called Strike
0-2: Ball
1-2: Foul Ball, location: 2F
1-2: Ball
2-2: Strikes out looking
Batting: LHB Pedro Díaz 0-0: Ball
1-0: Ball
2-0: Called Strike
2-1: Ground out 3-1 (Groundball, 34)
Top of the 8th over - 0 run(s), 0 hit(s), 0 error(s), 0 left on base; Amarillo 3 - Detroit 1
BOTTOM OF THE 8TH
Detroit X-Wings batting - Pitching for Amarillo Archdukes : RHP Orlando Trinidad
Pitching: RHP Brian Hull
Batting: SHB Felipe Detorres 0-0: Fly out, F7 (Flyball, 7)
Batting: RHB Júlio López 0-0: Ball
1-0: Ground out 5-3 (Groundball, 56S)
Batting: RHB Jaime Contreras 0-0: Called Strike
0-1: Fly out, F8 (Flyball, 8RS)
Bottom of the 8th over - 0 run(s), 0 hit(s), 0 error(s), 0 left on base; Amarillo 3 - Detroit 1
TOP OF THE 9TH
Amarillo Archdukes batting - Pitching for Detroit X-Wings : LHP Richard Dorris
Batting: RHB Esteban Lara 0-0: Called Strike
0-1: Reached on error, E9 (Flyball, 9S)
Batting: RHB Herb Bunch 0-0: Ball
1-0: Foul Ball, location: 2F
1-1: Called Strike
Esteban Lara steals 2nd base
1-2: Foul Ball, location: 2F
1-2: Ball
2-2: Ball
3-2: Foul Ball, location: 2F
3-2: Fly out, F9 (Flyball, 9)
Batting: RHB Juan Barrera 0-0: Intentional Walk
Pitching: RHP Charlie Alexander
Batting: LHB John Frost 0-0: Foul Ball, location: 2F
0-1: Ball
1-1: Foul Ball, location: 2F
1-2: Ball
2-2: Fielders Choice at 2nd, 4-6 (Groundball, 4)
Esteban Lara to third
Batting: RHB Norm Francis 0-0: Ball
1-0: Ball
2-0: Fly out, F8 (Flyball, 8RS)
Top of the 9th over - 0 run(s), 0 hit(s), 1 error(s), 2 left on base; Amarillo 3 - Detroit 1
BOTTOM OF THE 9TH
Detroit X-Wings batting - Pitching for Amarillo Archdukes : RHP Brian Hull
Pitching: LHP Rob Lucas
Batting: LHB Juan Colón 0-0: Foul Ball, location: 2F
0-1: Swinging Strike
0-2: Ball
1-2: Strikes out looking
Batting: RHB Keith Sims 0-0: Called Strike
0-1: Ball
1-1: Ball
2-1: Called Strike
2-2: Strikes out swinging
Batting: SHB Javier Jiménez 0-0: Called Strike
0-1: Swinging Strike
0-2: Ball
1-2: Ball
2-2: Foul Ball, location: 2F
2-2: Ball
3-2: Foul Ball, location: 2F
3-2: Strikes out swinging
Bottom of the 9th over - 0 run(s), 0 hit(s), 0 error(s), 0 left on base; Amarillo 3 - Detroit 1
Tuesday, August 8th, 2017 - OOTP Baseball 17.12 Build 75